 Dungeon Crawl Stone Soup version 0.29.1-15-g9cfb28693d (webtiles) character file.

Game seed: 18242173745694972663

14595 venomsnake the Fighter (level 11, -8/166 HPs)
             Began as a Minotaur Berserker on Mar 25, 2023.
             Was a High Priest of Trog.
             Mangled by a cyclops (19 damage)
             ... on level 11 of the Dungeon on Apr 21, 2023.
             The game lasted 00:37:22 (15206 turns).

venomsnake the Fighter (Minotaur Berserker)        Turns: 15206, Time: 00:37:23

Health: -8/166     AC: 16    Str: 26    XL:     11   Next: 90%
Magic:  10/10      EV: 10    Int:  4    God:    Trog [*****.]
Gold:   527        SH:  0    Dex: 10    Spells: 10/10 levels left

rFire   + . .      SeeInvis .   I - +0 battleaxe
rCold   x . .      Faith    .   (shield currently unavailable)
rNeg    . . .      Spirit   .   L - +0 plate armour
rPois   .          Reflect  .   (helmet restricted)
rElec   .          Harm     .   (no cloak)
rCorr   .          Rampage  .   H - +0 pair of gloves
Will    .....                   (no boots)
Stlth   ..........              (no amulet)
HPRegen 0.37/turn               v - ring of fire
MPRegen 0.12/turn               (no ring)

@: berserking, very quick
A: horns 2, retaliatory headbutt
a: Renounce Religion, Berserk, Trog's Hand, Brothers in Arms


You were on level 11 of the Dungeon.
You worshipped Trog.
Trog was extremely pleased with you.
You visited 1 branch of the dungeon, and saw 11 of its levels.
You also visited: Sewer and Ossuary.

You collected 527 gold pieces.

Inventory:

Hand Weapons
 I - a +0 battleaxe (weapon)
Missiles
 b - 26 poisoned darts (quivered)
 h - 5 boomerangs
Armour
 H - a +0 pair of gloves (worn)
 L - a +0 plate armour (worn)
Jewellery
 v - a ring of fire (left hand)
Wands
 g - a wand of polymorph (6)
 n - a wand of quicksilver (13)
 J - a wand of roots (2)
Scrolls
 a - 4 scrolls of identify
 c - 2 scrolls of silence
 e - 2 scrolls of amnesia
 k - 3 scrolls of teleportation
 o - 3 scrolls of vulnerability
 p - 2 scrolls of noise
 q - 3 scrolls of enchant armour
 x - 2 scrolls of fear {unknown}
 y - 2 scrolls of butterflies
 z - 2 scrolls of magic mapping {unknown}
 D - a scroll of brand weapon {unknown}
 F - a scroll of summoning {unknown}
 G - a scroll of poison {unknown}
Potions
 f - 2 potions of mutation {unknown}
 i - 3 potions of haste
 j - 3 potions of flight {unknown}
 l - 5 potions of curing
 m - 5 potions of invisibility
 r - a potion of brilliance
 s - 3 potions of attraction {unknown}
 t - 2 potions of resistance {unknown}
 A - 2 potions of berserk rage {unknown}
 B - a potion of magic {unknown}
 C - 3 potions of cancellation {unknown}
 E - 2 potions of ambrosia {unknown}


   Skills:
 * Level 14.9 Fighting
 + Level 11.1 Axes
 + Level 10.7 Armour
 + Level 9.9 Dodging


You had 10 spell levels left.
You didn't know any spells.
Your spell library was empty.

Dungeon Overview and Level Annotations

Branches:
Dungeon (11/15)            Temple (0/1) D:7           Sewer (visited)
Ossuary (visited)
   Lair: D:8-11         Orc: D:9-12

Altars:
Dithmenos
Elyvilon
Hepliaklqana
Nemelex Xobeh
Ru
Sif Muna
Wu Jian
Xom
Jiyva

Shops:
D:11 [[

Annotations:
D:6 1 runed translucent door, CrabNicholson's ghost, novice GnAM
D:10 3 runed translucent doors, Beryl's ghost, journeyman HOFi


Innate Abilities, Weirdness & Mutations

You have a pair of horns on your head.
You reflexively headbutt those who attack you in melee.


Message History

Blink to where?
Press: ? - help, Dir - move target
Okay, then.
Blink to where?
Press: ? - help, Dir - move target
As you read the scroll of blinking, it crumbles to dust.
You feel much better.
The boulder beetle curls into a ball and begins rolling!
You feel much better.
As you read the scroll of teleportation, it crumbles to dust.
You feel strangely unstable. The boulder beetle hits you!!!
* * * LOW HITPOINT WARNING * * *
The boulder beetle stops rolling and uncurls.
The boulder beetle bites you but does no damage.
Your surroundings suddenly seem different.
A troll and 2 cyclopes come into view.
The cyclops shouts! x2; You hear a shout!
The cyclops completely misses you.
You feel much better. The cyclops hits you!
* * * LOW HITPOINT WARNING * * *
You feel much better. The troll closely misses you. The troll claws you. x2
The cyclops throws a large rock.
The large rock hits you!!
* * * LOW HITPOINT WARNING * * *
The cyclops hits you but does no damage.
A red film seems to cover your vision as you go berserk!
You feel yourself moving faster!
You feel mighty! The troll bites you.
* * * LOW HITPOINT WARNING * * *
The troll claws you but does no damage. The troll barely misses you.
The cyclops throws a large rock.
The large rock hits you.
* * * LOW HITPOINT WARNING * * *
You are too injured to fight recklessly!
You are too injured to fight recklessly!
You slash the cyclops! You headbutt the cyclops!!
The cyclops is severely wounded.
You slash the troll! The troll bites you but does no damage.
The troll barely misses you. The troll claws you.
* * * LOW HITPOINT WARNING * * *
An orc comes into view. It is wielding a +0 club.
The cyclops hits you!!
You die...

... .## ...
#.. ... #.#
#.# ### #.#
.#.#... #.#
#.#.#.#
#.#...#CT.#
#.#...#@..#
... #ยง.O#
#.#.# ...
#.#.# ..# o.
... #.# #...#
.# ... #.#
#.#.# #
##.##.# ..#C#
#...#.#####.#
#######...#
#..
..#.....#.#


You could see 2 cyclopes, a troll and an orc.

Vanquished Creatures
  2 two-headed ogres
  Pikel (D:7)
  An ugly thing (D:10)
  A cyclops (D:10)
  Maurice (D:9)
  Joseph (D:7)
  Maggie (D:10)
  Psyche (D:9)
  An unseen horror zombie (D:9)
  Grinder (D:6)
  Prince Ribbit (D:7)
  2 hornets (D:9)
  Sigmund (D:4)
  12 yaks
  2 wyverns
  2 wraiths (D:10)
  2 vampire mosquitoes (D:9)
  4 orc warriors
  5 black bears
  An ogre (D:4)
  2 sky beasts
  A phantom (D:6)
  6 bullfrogs
  6 elf zombies (Ossuary)
  3 kobold brigands
  Blork the orc (D:4)
  2 wyvern zombies (D:9)
  2 necrophages (D:5)
  A scorpion (D:5)
  19 wights
  5 killer bees
  3 howler monkeys
  5 centaur zombies
  3 human zombies (Ossuary)
  5 hounds
  3 jellies
  A gnoll bouda (D:6)
  5 orc priests
  Jessica (D:2)
  3 iguanas
  8 orc wizards
  A hell rat (Sewer)
  3 mummies (Ossuary)
  3 howler monkey zombies (D:9)
  10 adders
  10 gnolls
  2 river rats (Sewer)
  A shadow imp (D:5)
  2 white imps
  2 worms
  2 dart slugs
  32 orcs
  6 bats
  9 endoplasms
  5 giant cockroaches
  6 goblins
  7 hobgoblins
  3 jackals (D:3)
  16 kobolds
  2 quokkas
  7 ball pythons
  A frilled lizard (D:3)
  9 rats
267 creatures vanquished.

Vanquished Creatures (collateral kills)
  2 two-headed ogres (D:11)
  A skeletal warrior (D:11)
  A wyvern (D:11)
  A centaur (D:11)
  A howler monkey (D:11)
6 creatures vanquished.

Vanquished Creatures (others)
  A bush (D:4)
  4 plants (D:4)
5 creatures vanquished.

Grand Total: 278 creatures vanquished

Notes
Turn   | Place    | Note
-------+----------+-------------------------------------------
     0 | D:1      | venomsnake the Minotaur Berserker began the quest for the
                  | Orb.
     0 | D:1      | Reached XP level 1. HP: 19/19 MP: 0/0
    19 | D:1      | Found a faded altar of an unknown god.
    34 | D:1      | Reached XP level 2. HP: 15/27 MP: 1/1
   330 | D:1      | Reached skill level 4 in Fighting
   428 | D:1      | Reached XP level 3. HP: 6/33 MP: 2/2
  1259 | D:2      | Noticed Jessica
  1270 | D:2      | Killed Jessica
  1272 | D:2      | Reached XP level 4. HP: 7/41 MP: 3/3
  1896 | D:2      | Reached ** piety under Trog
  2677 | D:3      | Reached skill level 5 in Fighting
  2698 | D:3      | Found a shimmering blue altar of Sif Muna.
  3099 | D:4      | Reached XP level 5. HP: 37/48 MP: 4/4
  3208 | D:4      | Found a glowing drain.
  3247 | Sewer    | Entered a sewer
  3616 | D:4      | Noticed Sigmund
  3818 | D:4      | Found a hazy altar of Hepliaklqana.
  3990 | D:4      | Noticed Blork the orc
  4004 | D:4      | Killed Blork the orc
  4005 | D:4      | Reached skill level 5 in Axes
  4005 | D:4      | Reached XP level 6. HP: 27/57 MP: 5/5
  4169 | D:4      | Found a shadowy altar of Dithmenos.
  4197 | D:4      | Reached skill level 6 in Fighting
  4814 | D:4      | Killed Sigmund
  4814 | D:4      | Reached *** piety under Trog
  4815 | D:4      | Reached XP level 7. HP: 44/64 MP: 6/6
  4935 | D:5      | Entered Level 5 of the Dungeon
  5035 | D:5      | Reached skill level 7 in Fighting
  5174 | D:5      | Reached skill level 5 in Armour
  6005 | D:5      | Reached skill level 5 in Dodging
  6118 | D:5      | Reached XP level 8. HP: 63/74 MP: 7/7
  6315 | D:6      | Reached skill level 8 in Fighting
  6572 | D:6      | Noticed Grinder
  6578 | D:5      | Reached skill level 9 in Fighting
  7076 | D:6      | Found a runed translucent door.
  7077 | D:6      | Noticed CrabNicholson's ghost (novice GnAM)
  7330 | D:6      | Killed Grinder
  7331 | D:6      | Reached XP level 9. HP: 62/85 MP: 8/8
  7647 | D:7      | Found a staircase to the Ecumenical Temple.
  7713 | D:7      | Noticed Pikel
  7729 | D:7      | Killed Pikel
  7730 | D:7      | Reached skill level 10 in Fighting
  8141 | D:7      | Noticed Prince Ribbit
  8147 | D:7      | Killed Prince Ribbit
  8219 | D:7      | Noticed Joseph
  8286 | D:7      | Killed Joseph
  8578 | D:7      | Reached skill level 11 in Fighting
  9072 | D:8      | Found a sand-covered staircase.
  9077 | Ossuary  | Entered an ossuary
  9119 | Ossuary  | Reached **** piety under Trog
  9213 | Ossuary  | Reached XP level 10. HP: 64/96 MP: 9/9
  9683 | D:8      | Noticed a two-headed ogre
  9704 | D:8      | Killed a two-headed ogre
  9705 | D:8      | Reached skill level 12 in Fighting
 10093 | D:8      | Found a sparkling altar of Nemelex Xobeh.
 10625 | D:8      | Found a shimmering altar of Xom.
 10926 | D:9      | Found a white marble altar of Elyvilon.
 10930 | D:9      | Found an ornate altar of the Wu Jian Council.
 10930 | D:9      | Found a sacrificial altar of Ru.
 11415 | D:9      | Paralysed by a hornet for 2 turns
 11885 | D:9      | Reached skill level 13 in Fighting
 12074 | D:9      | Reached ***** piety under Trog
 12075 | D:9      | Reached XP level 11. HP: 40/107 MP: 10/10
 12450 | D:9      | Reached skill level 10 in Axes
 12544 | D:9      | Noticed Maurice
 12587 | D:9      | Killed Maurice
 12950 | D:10     | Entered Level 10 of the Dungeon
 13212 | D:10     | Noticed Psyche
 13216 | D:9      | Killed Psyche
 13299 | D:10     | Noticed a two-headed ogre
 13314 | D:9      | Killed a two-headed ogre
 13701 | D:10     | Reached skill level 14 in Fighting
 13701 | D:10     | Reached skill level 10 in Armour
 13751 | D:10     | Noticed Maggie
 13879 | D:10     | Killed Maggie
 13964 | D:10     | Found a runed translucent gate.
 13964 | D:10     | Found a runed translucent gate.
 13964 | D:10     | Found a runed translucent gate.
 13985 | D:10     | Noticed Beryl's ghost (journeyman HOFi)
 14643 | D:10     | Found a viscous altar of Jiyva.
 14917 | D:11     | Noticed a skeletal warrior
 14925 | D:11     | Killed a skeletal warrior
 14925 | D:11     | Noticed a two-headed ogre
 14927 | D:11     | Found Qulomid's Antique Armour Emporium.
 14931 | D:11     | Noticed a two-headed ogre
 14932 | D:11     | Killed a two-headed ogre
 14934 | D:11     | Killed a two-headed ogre
 14935 | D:11     | Noticed a purple ugly thing
 14939 | D:11     | Noticed a boulder beetle
 14943 | D:10     | Killed a purple ugly thing
 15126 | D:11     | Found Ywawne's Armour Boutique.
 15150 | D:11     | Noticed a seven-headed hydra
 15151 | D:11     | Noticed a two-headed ogre
 15165 | D:11     | Noticed a boulder beetle
 15195 | D:11     | Noticed a boulder beetle
 15206 | D:11     | Mangled by a cyclops

Illustrated notes

Levels and vault maps discovered:
D:1:      roderic_octagonal_star, layout_rooms,
          ebering_ecumenical_altar_abandoned
D:2:      layout_loops_corners, uniq_jessica
D:3:      layout_basic, nicolae_sif_muna_condensation
D:4:      layout_rooms, lemuel_round_altar, grunt_dithmenos_smoke_and_mirrors,
          gup_sewer_entry_glass, serial_forest, infiniplex_forest_end_2,
          infiniplex_forest_lined_2, infiniplex_forest_lined_4_way,
          infiniplex_forest_lined_1, infiniplex_forest_straight_3,
          infiniplex_forest_clump_curved, infiniplex_forest_lined_corner,
          infiniplex_forest_straight_5, uniq_sigmund, uniq_blork_the_orc
D:5:      wander_river, layout_basic, hangedman_glass_teeth,
          grunt_decor_arrowhead
D:6:      layout_rooms, ebering_ghost_reflecting_pool,
          chequers_decorated_corner, uniq_grinder
D:7:      layout_loops_ring, minmay_temple_entry_offerings, uniq_prince_ribbit1,
          uniq_pikel, uniq_joseph
D:8:      layout_basic, marbit_many_paths, nemelex_diamond_rough_becter,
          enter_ossuary_5
D:9:      layout_grid_maze, grunt_temple_overflow_open, serial_undead,
          serial_undead_d, serial_undead_e, serial_undead_b, serial_undead_a,
          serial_undead_d, serial_undead_a, serial_undead_d, uniq_maurice
D:10:     layout_rooms, gammafunk_ghost_ooze, uniq_psyche, uniq_maggie
D:11:     minmay_the_grid_3x3 [minmay_the_grid_outer_circle,
          minmay_the_grid_gridbox, minmay_the_grid_tree,
          minmay_the_grid_dragon_a, minmay_the_grid_minigrid_small_alt,
          minmay_the_grid_broken_lines, minmay_the_grid_outer_diamond,
          minmay_the_grid_zigzag_pyramid, minmay_the_grid_prize_four_corners],
          layout_basic, gauntlet_entry_generic, serial_shops, shop,
          nicolae_shop_crystal, nicolae_shop_hallway_plus, shop

Skill      XL: |  1  2  3  4  5  6  7  8  9 10 11 |
---------------+----------------------------------+-----
Fighting       | 4 5 6 7 9 11 13 14 | 14.9
Axes           | 4 5 6 7 8 9 11 | 11.1
Armour         | 3 4 5 6 8 9 10 | 10.7
Dodging        | 3 4 5 6 7 8 9 |  9.9

Action                   |  1- 3 |  4- 6 |  7- 9 | 10-12 || total
-------------------------+-------+-------+-------+-------++-------
Melee: Hand axe          |    57 |   134 |    18 |    89 ||   298
       Headbutt          |     6 |    25 |    52 |    66 ||   149
       Punch             |       |     2 |     7 |     1 ||    10
       War axe           |       |       |   236 |   159 ||   395
       Battleaxe         |       |       |       |    91 ||    91
Invok: Berserk           |     2 |       |     1 |     3 ||     6
       Brothers in Arms  |       |       |       |     1 ||     1
  Use: Scroll            |       |     8 |       |     8 ||    16
       Potion            |       |     1 |       |     4 ||     5
Armor: Animal skin       |    10 |       |       |       ||    10
       Scale mail        |    13 |    47 |       |       ||    60
       Skin              |       |     9 |       |       ||     9
       Chain mail        |       |     7 |   143 |   103 ||   253
       Plate armour      |       |       |       |    75 ||    75
Dodge: Dodged            |    27 |    71 |   136 |   187 ||   421
